Map: Ascension to Aiur LE

Players

uThermal - Winner!

  • Race: Terran Terran
  • Spawn Location: 5:00

BackupC (Dolan)

  • Race: Terran Terran
  • Spawn Location: 11:00

Event: WCS Montreal 2017

VOD

Have the link to the VOD?

Description

Time

  • Played on: Sept. 8, 2017, 3:59 p.m.
  • Length: 12:37

All games in this series

Show
View Real Time Build Order
Export as new Build Order

uThermal Terran - Winner!

Build Orders: Gas First Reaper Expand, Reaper Expand, Bio Tank, Banshee Rush 

Get SALT Encoding   

  12  0:01  SCV  
  13  0:13  SCV  
  14  0:17  Supply Depot  
  14  0:25  SCV  
  14  0:28  Refinery  
  15  0:38  SCV  
  16  0:44  Barracks  
  16  0:50  SCV  
  17  1:03  SCV  
  18  1:15  SCV  
  19  1:31  Orbital Command, Reaper  
  20  1:52  Command Center  
  20  1:57  SCV  
  21  2:01  Factory  
  21  2:06  Reaper  
  22  2:10  Supply Depot  
  22  2:17  Refinery  
  22  2:18  SCV  
  23  2:32  SCV  
  24  2:44  SCV  
  25  2:45  Hellion  
  25  2:47  Starport  
  25  2:50  Barracks Tech Lab  
  27  2:56  SCV  
  27  3:10  Hellion  
  27  3:11  Orbital Command  
  27  3:13  SCV  
  26  3:25  SCV  
  26  3:32  Hellion  
  28  3:34  Cloaking Field  
  28  3:35  Banshee  
  28  3:37  SCV  
  28  3:39  SCV  
  33  3:46  Barracks Reactor  
  33  3:49  SCV  
  33  3:51  SCV  
  33  3:53  Hellion  
  37  4:00  Supply Depot  
  37  4:01  SCV  
  38  4:09  SCV  
  39  4:13  SCV  
  39  4:15  Factory Tech Lab  
  40  4:18  Supply Depot, Banshee  
  40  4:21  SCV  
  40  4:22  Marine  
  40  4:23  Marine  
  46  4:25  SCV  
  47  4:31  Supply Depot  
  47  4:33  SCV  
  47  4:34  Siege Tank  
  47  4:37  SCV  
  52  4:43  Marine x2  
  52  4:45  SCV  
  55  4:50  SCV  
  56  4:57  SCV  
  57  5:00  Marine  
  57  5:01  Marine  
  57  5:02  SCV  
  57  5:09  Command Center, SCV  
  57  5:11  Siege Tank  
  57  5:14  SCV  
  62  5:18  Marine x2  
  62  5:19  Supply Depot  
  64  5:21  SCV  
  64  5:24  Banshee  
  64  5:26  SCV  
  69  5:31  Supply Depot  
  69  5:33  SCV  
  70  5:40  Marine x2  
  70  5:41  SCV  
  73  5:43  Siege Tank  
  73  5:46  SCV  
  77  5:58  Marine x2  
  77  6:02  SCV  
  77  6:03  Engineering Bay  
  80  6:04  Engineering Bay  
  80  6:09  SCV, Refinery x2  
  86  6:21  Siege Tank, SCV  
  86  6:24  Orbital Command  
  87  6:26  SCV  
  83  6:35  SCV  
  83  6:37  Barracks  
  83  6:38  Barracks x2, SCV  
  83  6:39  Barracks, Starport Reactor  
  85  6:43  Marine  
  85  6:44  Stimpack  
  85  6:45  Terran Infantry Armor Level 1, Terran Infantry Weapons Level 1  
  86  6:47  SCV  
  86  6:50  SCV  
  86  6:52  Supply Depot, SCV  
  89  6:56  Siege Tank  
  89  6:59  SCV  
  93  7:07  Supply Depot, Marine, Missile Turret  
  94  7:16  Supply Depot, SCV  
  94  7:22  SCV  
  96  7:25  Marine  
  96  7:28  Barracks Reactor x2  
  97  7:30  Marine x2  
  97  7:34  Siege Tank  
  99  7:39  Supply Depot, Starport Reactor  
  99  7:41  Marine  
  99  7:42  Marine  
  101  7:45  Orbital Command, SCV  
  101  7:46  Marine, SCV  
  101  7:47  Marine x2  
  106  7:59  Supply Depot, Marine  
  106  8:00  Supply Depot, Marine  
  106  8:01  Armory  
  106  8:04  Marine  
  106  8:05  Marine x5  
  110  8:06  Siege Tank  
  110  8:07  Marine  
  118  8:15  Medivac x2  
  118  8:17  Supply Depot  
  118  8:18  Marine x2  
  124  8:24  Marine x2  
  124  8:25  Marine x2  
  128  8:28  Marine  
  129  8:35  Marine  
  129  8:37  Marine  
  129  8:38  Siege Tank, Marine x2  
  136  8:44  Combat Shields, Marine x2  
  136  8:45  Marine x2  
  136  8:48  Marine  
  141  8:50  Medivac  
  141  8:54  Terran Infantry Armor Level 2  
  141  8:59  SCV  
  141  9:02  Orbital Command, Marine  
  142  9:03  Marine x4  
  142  9:07  Marine x2  
  149  9:10  Marine  
  149  9:11  Marine  
  149  9:13  Siege Tank  
  154  9:20  Marine x2  
  154  9:21  Marine  
  154  9:23  Supply Depot  
  157  9:24  Supply Depot  
  157  9:31  Sensor Tower  
  157  9:33  Sensor Tower  
  157  9:36  Supply Depot  
  157  9:44  Marine x6  
  163  9:46  Marine  
  163  9:48  Viking  
  163  9:52  Marine x2  
  167  10:02  Siege Tank, Marine x5  
  167  10:06  Marine x2  
  177  10:10  Marine x2  
  177  10:12  Medivac  
  181  10:17  Supply Depot  
  181  10:23  Marine  
  181  10:24  Terran Vehicle Weapons Level 1  
  181  10:30  Liberator  
  181  10:36  Supply Depot  
  181  10:38  Medivac, Marine x4  
  188  10:51  Marine  
  188  10:58  Siege Tank  
  188  10:59  Marine  
  188  11:00  Command Center, Supply Depot  
  192  11:09  Marine  
  192  11:10  Marine  
  192  11:11  Marine  
  195  11:13  Marine  
  196  11:21  Marine  
  196  11:24  Refinery  
  196  11:25  Marine x2, Refinery  
  197  11:31  Marine  
  194  11:51  Marine  
  194  11:52  Siege Tank, Marine x7  
  171  11:59  Medivac x2, Marine  
  150  12:09  Marine x3  
  150  12:10  Marine x3  
  150  12:11  Marine  
  157  12:16  Marine  
  157  12:18  Marine  
Show
View Real Time Build Order
Export as new Build Order

BackupC Terran 

Build Orders: MMM Bio 

Get SALT Encoding   

  12  0:00  SCV  
  13  0:12  SCV  
  14  0:17  Supply Depot  
  14  0:24  SCV  
  15  0:38  SCV  
  15  0:39  Barracks  
  16  0:43  Refinery  
  16  0:50  SCV  
  17  0:59  Barracks  
  17  1:02  SCV  
  18  1:14  SCV  
  19  1:27  Orbital Command, Reaper  
  20  1:33  Supply Depot  
  20  1:48  Reaper  
  20  1:53  SCV  
  22  2:03  Reaper  
  22  2:07  SCV  
  24  2:19  Command Center  
  24  2:22  Marine  
  24  2:28  SCV  
  26  2:30  Refinery  
  26  2:31  Supply Depot  
  26  2:37  Barracks Tech Lab  
  26  2:40  Marine, SCV  
  28  2:52  SCV  
  28  2:56  Marine  
  28  2:57  Stimpack  
  28  2:58  Marine  
  30  3:04  SCV  
  32  3:19  SCV  
  32  3:20  Marine, Barracks Reactor  
  32  3:24  Factory  
  33  3:28  Engineering Bay  
  33  3:32  Orbital Command  
  33  3:38  Marine  
  34  3:44  Bunker  
  34  3:45  SCV  
  35  3:57  SCV  
  35  4:05  Marine x2  
  35  4:06  Marine  
  35  4:07  SCV  
  35  4:09  Starport, SCV  
  39  4:10  Factory Reactor  
  39  4:13  Terran Infantry Weapons Level 1  
  39  4:20  SCV  
  39  4:21  SCV  
  39  4:23  Marine x3  
  44  4:33  SCV x2  
  46  4:40  Command Center  
  46  4:43  Marine x2  
  46  4:44  Marine  
  49  4:48  Supply Depot  
  49  4:52  SCV x2  
  51  4:57  Factory Tech Lab  
  49  5:00  Missile Turret  
  48  5:08  Missile Turret  
  48  5:10  SCV, Refinery  
  48  5:13  SCV  
  50  5:26  Combat Shields, Marine x3  
  53  5:28  Barracks  
  53  5:30  Medivac x2  
  53  5:31  Siege Tank  
  53  5:33  SCV x2  
  62  5:45  SCV  
  62  5:47  SCV  
  62  5:49  Marine  
  62  5:51  Marine  
  62  5:54  Marine  
  61  5:58  SCV  
  61  6:01  SCV  
  62  6:09  Marine x2  
  62  6:12  Marine  
  62  6:14  SCV  
  62  6:18  SCV  
  61  6:26  SCV  
  61  6:30  Terran Infantry Armor Level 1  
  61  6:32  Medivac, Marine  
  62  6:33  Siege Tank, SCV  
  62  6:38  Command Center  
  69  6:42  Medivac  
  70  6:48  Supply Depot  
  70  6:49  Command Center  
  70  6:51  Supply Depot, SCV  
  70  6:53  SCV  
  70  7:03  Barracks  
  70  7:05  Barracks  
  70  7:09  Marine x3  
  73  7:27  Marine x3  
  76  7:35  Siege Tank  
  79  7:37  Medivac  
  79  7:38  Medivac  
  83  7:45  Marine x3  
  83  7:48  Armory, Engineering Bay  
  83  7:49  Refinery  
  86  7:56  Supply Depot  
  86  7:58  Barracks Reactor x2  
  86  8:00  SCV x2  
  88  8:07  Barracks Reactor  
  88  8:10  Marine x3  
  91  8:13  SCV x2  
  93  8:21  Siege Tank, Medivac x2  
  93  8:26  SCV x2  
  102  8:29  Orbital Command  
  102  8:39  Marine x6  
  108  8:51  SCV  
  109  8:56  Terran Infantry Armor Level 2, Terran Infantry Weapons Level 2  
  109  9:04  Supply Depot  
  109  9:05  SCV x3  
  112  9:16  Marine x5  
  117  9:26  Medivac x2, SCV, Siege Tank  
  117  9:29  Terran Vehicle Weapons Level 1, Supply Depot, Marine  
  126  9:35  SCV x2  
  126  9:36  Marine x4  
  132  9:38  SCV  
  133  9:50  Marine x5  
  138  10:01  Siege Tank  
  141  10:08  Supply Depot, Refinery x2  
  141  10:09  Supply Depot  
  141  10:29  Marine x4  
  141  10:30  Medivac x2  
  149  10:37  Marine x3  
  149  10:38  Siege Tank, Marine  
  156  10:46  SCV  
  156  10:48  SCV  
  157  10:50  SCV  
  155  10:58  SCV  
  155  11:00  SCV  
  155  11:01  Medivac  
  155  11:02  SCV  
  155  11:03  Factory  
  157  11:04  Medivac  
  157  11:06  Barracks Reactor  
  157  11:10  SCV  
  160  11:12  SCV  
  160  11:13  Marine x4  
  165  11:29  Sensor Tower, Supply Depot  
  165  11:30  Marine x4, SCV  
  165  11:32  Supply Depot  
  170  11:46  Sensor Tower  
  170  11:47  Missile Turret x3  
  133  11:55  Marine x4  
  133  11:56  Marine x3  
  133  11:58  Marine x2  
  121  12:03  Siege Tank  
  121  12:05  Marine  
  125  12:13  Marine x4  
  125  12:15  Marine x3  
Tags
 
Add a new tag
Caveats
  • Supply blocks, unpowered buildings, or Contaminate may cause inaccurate times.
  • Supply counts are checked every 10 seconds.